 Dungeon Crawl Stone Soup version 0.29-a0-284-gf9362112df (webtiles) character file.

Game seed: 3907494572993729099

116 spiderkeys the Skirmisher (level 4, -1/40 HPs)
             Began as a Draconian Abyssal Knight on Mar 26, 2022.
             Was a Priest of Lugonu.
             Killed by divine providence
             ... invoked by an orc priest
              (13 damage)
             ... on level 3 of the Dungeon.
             The game lasted 00:03:33 (2911 turns).

spiderkeys the Skirmisher (DrAK)                    Turns: 2911, Time: 00:03:33

Health: -1/40      AC:  6    Str: 15    XL:     4   Next: 69%
Magic:  6/6        EV: 13    Int: 10    God:    Lugonu [***...]
Gold:   1240       SH:  0    Dex: 14    Spells: 3/3 levels left

rFire   . . .      SeeInvis .   g - +0 trident
rCold   . . .      Faith    .   (no shield)
rNeg    . . .      Spirit   .   (body armour unavailable)
rPois   .          Reflect  .   (helmet restricted)
rElec   .          Harm     .   e - +0 cloak
rCorr   .          Rampage  .   (no gloves)
Will    .....                   (no boots)
Stlth   +.........              (no amulet)
HPRegen 0.13/turn               (no ring)
MPRegen 0.10/turn               (no ring)

@: no status effects
A: AC +5, unfitting armour, cold-blooded
a: Renounce Religion, Depart the Abyss, Bend Space, Banish


You were on level 3 of the Dungeon.
You worshipped Lugonu.
Lugonu was most pleased with you.
You visited 1 branch of the dungeon, and saw 3 of its levels.
You visited the Abyss 1 time.

You collected 1240 gold pieces.


Innate Abilities, Weirdness & Mutations

Your plain brown scales are hard. (AC +5)
You cannot fit into any form of body armour.
You are cold-blooded and may be slowed by cold attacks.


   Skills:
 + Level 4.1 Fighting
 + Level 3.0 Polearms
 + Level 2.9 Dodging
 + Level 3.1 Invocations


You had 3 spell levels left.
You didn't know any spells.
Your spell library contained the following spells:

 Spells                   Type           Power      Damage    Failure   Level
 Magic Dart               Conj           0%         1d3       36%         1
 Call Imp                 Summ           0%         N/A       50%         2
 Conjure Flame            Conj/Fire      0%         6-21      75%         3
 Ignite Poison            Fire/Tmut/Pois 0%         N/A       75%         3
 Mephitic Cloud           Conj/Pois/Air  0%         N/A       75%         3
 Sticky Flame             Conj/Fire      0%         2d3       98%         4

Inventory:

Hand Weapons
 a - a +1 spear
 g - a +0 trident (weapon)
   (You took it off a kobold on level 1 of the Dungeon)
Missiles
 c - 136 stones
 l - 7 poisoned darts
Armour
 e - a +0 cloak (worn)
   (You found it on level 1 of the Dungeon)
Scrolls
 b - 3 scrolls of teleportation {@r4}
 d - 3 scrolls of identify {@r1}
 i - a scroll of amnesia
 n - a scroll of blinking {!r}
Potions
 f - 4 potions of haste {unknown}
 h - a potion of might {unknown}
 j - 2 potions of heal wounds {unknown}
 k - a potion of flight {unknown}
 m - a potion of curing {unknown}

Dungeon Overview and Level Annotations

Branches:
Dungeon (3/15)

Altars:

Annotations:
D:3 1 runed translucent door, NinjaNoafa's ghost, weakling MiFi

### #..
#)# #o#
#@#
#.#####
#.....#
#####.#
#...#.#
#.#.#.#
..
#.#...#
#..
#.######
#.#
#......#
#.#


You could see an orc priest.


Message History

NinjaNoafa's ghost screams, "You will join me soon!"
A ball python comes into view.
The ball python moves out of view.
NinjaNoafa's ghost stares at you.
NinjaNoafa's ghost screams, "Death is your only future!"
c - 136 stones (gained 20)
A ball python is nearby!
The ball python hisses angrily.
You reach to attack!
You closely miss the ball python. You barely miss the ball python.
The ball python misses you. The ball python closely misses you.
You barely miss the ball python.
Your tail-slap misses the ball python.
The ball python bites you but does no damage.
The ball python grabs you. The ball python constricts you.
The ball python closely misses you. The ball python constricts you.
A ball python is nearby!
A ball python is nearby!
A ball python is nearby!
You closely miss the ball python. The ball python barely misses you.
The ball python constricts you.
You hit the ball python.
Your tail-slap misses the ball python.
The ball python bites you. The ball python constricts you.
The ball python barely misses you.
The ball python constricts you. 😕 HP[-2]
You take 2 damage, and now have 38/40 hp.
You hit the ball python but do no damage.
You tail-slap the ball python.
You kill the ball python!
Lugonu accepts your kill.
NinjaNoafa's ghost screams, "Zot is a myth, the ORB is a fable, you'll soon be a tale!"
NinjaNoafa's ghost says, "You can hit me, but you can't hurt me."
Found a stone staircase leading down.
NinjaNoafa's ghost says, "You can hit me, but you can't hurt me." 😎 HP[+2]
Your hp is fully restored (40).
Key pressed, stopping explore.
An orc comes into view. It is wielding a +0 club.
The orc shouts!
You hear a shout! x2
An orc comes into view.
It is wielding a +1 dagger of holy wrath.
The orc shouts!
A bat comes into view.
You reach to attack!
You puncture the orc!
You kill the orc!
Lugonu accepts your kill. The bat hits you but does no damage.
The bat barely misses you.
You closely miss the bat. The bat misses you. x2
An orc priest comes into view. It is wielding a +0 hand axe.
You barely miss the bat. The bat hits you but does no damage.
You barely miss the bat. The bat hits you. The bat misses you. 😕 HP[-1]
You take 1 damage, and now have 39/40 hp.
You puncture the bat!
You kill the bat!
Lugonu accepts your kill.
You hit the orc.
The orc priest begins to cast a cantrip, but forgets the words!
The orc hits you with a +0 club. 😕 HP[-1]
You take 1 damage, and now have 38/40 hp.
You puncture the orc!
You kill the orc!
Lugonu accepts your kill. 😕 HP[+1]
You completely miss the orc priest.
The orc priest hits you with a +0 hand axe. 😕 HP[-1]
You take 1 damage, and now have 38/40 hp.
You hit the orc priest.
The orc priest hits you with a +0 hand axe. 😕 HP[-5]
You take 5 damage, and now have 33/40 hp.
You hit the orc priest.
The orc priest hits you with a +0 hand axe. 😮 HP[-6]
You take 6 damage, and now have 27/40 hp.
You are too injured to fight recklessly!
You are too injured to fight recklessly!
You are too injured to fight recklessly!
You are too injured to fight recklessly!
You barely miss the orc priest. The orc priest barely misses you.
You barely miss the orc priest. You tail-slap the orc priest.
The orc priest barely misses you.
You hit the orc priest. You punch the orc priest.
The orc priest mumbles some strange prayers to Beogh against you.
Beogh smites you!
* * * LOW HITPOINT WARNING * * *
The orc priest misses you. 😨 HP[-12]
You take 12 damage, and now have 15/40 hp.
MASSIVE DAMAGE!! (PAUSE)
You completely miss the orc priest.
Your tail-slap misses the orc priest.
The orc priest hits you with a +0 hand axe.
* * * LOW HITPOINT WARNING * * *
😨 HP[-3]
You take 3 damage, and now have 12/40 hp.
You closely miss the orc priest.
The orc priest invokes the aid of Beogh against you.
Beogh smites you!
You die...

Skill      XL: |  1  2  3  4 |
---------------+-------------+-----
Fighting       | 4 |  4.1
Invocations    | 3 |  3.1
Polearms       | 3 |  3.0
Dodging        | |  2.9

Action                   |  1- 3 |  4- 6 || total
-------------------------+-------+-------++-------
Melee: Spear             |    35 |       ||    35
       Tailslap          |    12 |    10 ||    22
       Trident           |   119 |    75 ||   194
       Punch             |       |     1 ||     1
  Use: Scroll            |     3 |     2 ||     5
 Stab: Sleeping          |     4 |     1 ||     5
Armor: Skin              |    39 |    27 ||    66
Dodge: Dodged            |    74 |    60 ||   134

Levels and vault maps discovered:
D:1:      dpeg_arrival_rooms_a, layout_basic, chequers_ecumenical_altar_simple,
          kennysheep_pointless_box, minmay_gold_behind_fungi,
          minmay_heptomino_h4
D:2:      layout_rooms, chequers_serial_rivers_small_a
D:3:      layout_basic, serial_glass, glass_columns_a, glass_columns_a,
          hellmonk_ghost_happy_afterlife, grunt_ministairs_13,
          minmay_misc_feat_rows

Notes
Turn   | Place    | Note
-------+----------+-------------------------------------------
     0 | Abyss:1  | spiderkeys the Draconian Abyssal Knight began the quest for
                  | the Orb.
     0 | Abyss:1  | Reached XP level 1. HP: 19/19 MP: 2/2
     0 | Abyss:1  | magus.rc [v1.11.3]
     1 | Abyss:1  | Found a corrupted altar of Lugonu.
    22 | D:1      | You pass through the gate.
    22 | D:1      | Escaped the Abyss
   388 | D:1      | Reached XP level 2. HP: 14/26 MP: 3/3
   798 | D:1      | Found a faded altar of an unknown god.
  1301 | D:2      | Reached XP level 3. HP: 30/33 MP: 4/4
  1641 | D:2      | Reached *** piety under Lugonu
  1870 | D:3      | Identified a scroll of acquirement
  1872 | D:3      | Acquired 1086 gold pieces
  1959 | D:3      | Noticed NinjaNoafa's ghost (weakling MiFi)
  1964 | D:3      | Found a runed translucent door.
  1986 | D:3      | You add the spells Conjure Flame, Ignite Poison and Sticky
                  | Flame to your library.
  2004 | D:3      | Reached XP level 4. HP: 20/40 MP: 6/6
  2264 | D:3      | You pick up a book of Minor Magic and begin reading...
  2264 | D:3      | You add the spells Magic Dart, Call Imp and Mephitic Cloud
                  | to your library.
  2275 | D:3      | Reached skill level 4 in Fighting
  2309 | D:3      | Reached skill level 3 in Invocations
  2312 | D:3      | Reached skill level 3 in Polearms
  2321 | D:3      | HP: 10/40 [orc/+0 trident (6)]
  2911 | D:3      | Killed from afar by an orc priest

Vanquished Creatures
  3 adders
  2 worms
  3 dart slugs
  8 orcs (D:3)
  4 ball pythons
  3 endoplasms (D:1)
  5 giant cockroaches
  7 goblins
  2 hobgoblins
  4 jackals (D:3)
  7 kobolds
  2 quokkas
  4 bats
  6 frilled lizards
  6 rats
66 creatures vanquished.

Vanquished Creatures (others)
  5 toadstools (D:1)
5 creatures vanquished.

Grand Total: 71 creatures vanquished

Table legend:
 A = Non-vault XP
 B = Vault XP
 C = Vault XP percentage of total XP
 D = Non-vault monster count
 E = Vault monster count
 F = Vault count percentage of total count
                 A         B        C        D         E       F
            +---------+---------+-------+---------+---------+-------
      Total |     156 |      10 |   6.0 |      60 |       6 |   9.1
            +---------+---------+-------+---------+---------+-------
        D:1 |      31 |       7 |  18.4 |      17 |       4 |  19.0
        D:2 |      46 |       0 |   0.0 |      18 |       0 |   0.0
        D:3 |      79 |       3 |   3.7 |      25 |       2 |   7.4
            +---------+---------+-------+---------+---------+-------

Illustrated notes

Table legend:
 A = Kills in this place as a percentage of kills in entire the game.
 B = Kills by you in this place as a percentage of kills by you in the entire game.
 C = Kills by friends in this place as a percentage of kills by friends in the entire game.
 D = Other kills in this place as a percentage of other kills in the entire game.
 E = Experience gained in this place as a percentage of experience gained in the entire game.
 F = Experience gained in this place divided by the number of levels of this place that you have seen.
                   A       B       C       D       E      F
               +-------+-------+-------+-------+-------+----------------------
         Total | 100.0 | 100.0 |   N/A |   N/A | 100.0 |  41.5
       Dungeon | 100.0 | 100.0 |   N/A |   N/A | 100.0 |  55.3
               +-------+-------+-------+-------+-------+----------------------

Table legend: (Time is in decaauts)
 A = Elapsed time spent in this place.
 B = Non-inter-level travel time spent in this place.
 C = Inter-level travel time spent in this place.
 D = Time resting spent in this place.
 E = Time spent auto-exploring this place.
 F = Levels seen in this place.
 G = Mean time per level.
                   A        B        C        D        E       F      G
               +--------+--------+--------+--------+--------+-----+--------+
         Total |   2944 |   2931 |     13 |    318 |   2108 |   4 |  736.0 |
       Dungeon |   2922 |   2909 |     13 |    318 |   2094 |   3 |  974.0 |
         Abyss |     22 |     22 |      0 |      0 |     14 |   1 |   22.0 |
               +--------+--------+--------+--------+--------+-----+--------+

Top non-repeatable levels by time:
     D:1: 1267 daAuts
     D:3: 1072 daAuts
     D:2: 582 daAuts
 Abyss:1: 22 daAuts
